 Dungeon Crawl Stone Soup version 0.26-a0-738-g91b530ce93 (webtiles) character file.

Game seed: 1922171124134120799

417 Descartes the Covert (level 6, 0/28 HPs)
             Began as a Felid Delver on Nov 5, 2020.
             Slain by a gnoll sergeant
             ... wielding a +3 spear of flaming
              (1 damage)
             ... on level 4 of the Dungeon.
             The game lasted 00:08:44 (6205 turns).

Descartes the Covert (Felid Delver)                 Turns: 6205, Time: 00:08:45

Health: 0/28       AC:  2    Str:  8 (10) XL:     6   Next: 61%
Magic:  7/7        EV: 20    Int: 11 (12) God:
Gold:   225        SH:  0    Dex: 14 (15) Spells: 5/5 levels left
                                        Lives:  0   Deaths: 1

rFire    . . .     SeeInvis +     - Unarmed
rCold    + . .     Faith    .   (shield unavailable)
rNeg     . . .     Spirit   .   (armour unavailable)
rPois    .         Reflect  .   (helmet unavailable)
rElec    .         Harm     .   (cloak unavailable)
rCorr    .         Rampage  .   (gloves unavailable)
MR       .....                  (boots unavailable)
Stlth    +++++.....             (no amulet)
HPRegen  0.09/turn              o - ring of protection from cold
MPRegen  0.10/turn              (no ring)

@: lethally poisoned (0 -> -13), quick
A: very small, no armour, no weapons or thrown items, stealth, claws 1, fangs 3,
see invisible, clumsy 1, speed 1, shaggy fur 2, MP-powered wands, sharp paws
a: no special abilities


You were on level 4 of the Dungeon.
You visited 1 branch of the dungeon, and saw 5 of its levels.

You collected 225 gold pieces.

Inventory:

Missiles
 l - 88 arrows
 m - 93 stones
Jewellery
 o - a ring of protection from cold (left paw)
 q - a cursed -4 ring of strength {unknown}
 z - an uncursed amulet of magic regeneration {unknown}
Wands
 e - a wand of digging (3)
 g - a wand of paralysis (6)
Scrolls
 a - a scroll of fog
 b - 2 scrolls of magic mapping
 c - 2 scrolls of fear
 f - 3 scrolls of blinking {unknown}
 h - 2 scrolls of immolation {unknown}
 k - 3 scrolls of remove curse {unknown}
 n - 5 scrolls of identify {unknown}
 p - 2 scrolls of random uselessness {unknown}
 r - 2 scrolls of amnesia {unknown}
 x - a scroll of noise {unknown}
 y - a scroll of teleportation {unknown}
Potions
 d - a potion of haste
 j - a potion of degeneration
 s - a potion of resistance
 u - 2 potions of stabbing
 A - a potion of magic {unknown}
 B - a potion of might {unknown}


   Skills:
 - Level 3.0 Fighting
 + Level 5.0 Dodging
 + Level 11.1 Stealth
 - Level 2.0 Unarmed Combat


You had 5 spell levels left.
You didn't know any spells.
Your spell library was empty.

Dungeon Overview and Level Annotations

Branches:
Dungeon (5/15)
 Temple: D:4-7

Altars:
Cheibriados
Okawaru
Sif Muna
Xom


Innate Abilities, Weirdness & Mutations

You cannot wear armour.
You are incapable of wielding weapons or throwing items.
Your paws allow you to move quietly. (Stealth)
You have sharp claws.
You have razor-sharp teeth.
You have supernaturally acute eyesight. (SInv)
You cover ground quickly.
You are covered in thick fur. (AC +2)
Your sharp claws are effective at attacking unaware monsters.
You are clumsy. (Dex -2)
You expend magic power (3 MP) to strengthen your wands.


Message History

The gnoll sergeant hits you from afar with a +3 spear of flaming.
The gnoll sergeant burns you.
You scratch the scorpion.
The scorpion is moderately wounded.
The scorpion closely misses you. The gnoll sergeant misses you.
You scratch the scorpion but do no damage.
The scorpion is moderately wounded.
The scorpion stings you. The gnoll sergeant misses you.
You scratch the scorpion but do no damage.
The scorpion is moderately wounded.
The scorpion completely misses you. The gnoll sergeant closely misses you.
You barely miss the scorpion.
The scorpion is moderately wounded.
The scorpion stings you!
You are lethally poisoned!
The scorpion poisons you!
The gnoll sergeant hits you from afar with a +3 spear of flaming!
* * * LOW HITPOINT WARNING * * *
The gnoll sergeant burns you.
You die...

.#..'.........#######..##....#
.'..#...............#..##....#
#####...............#........#
###.......#'##......g........#
..#.....######.....s#####....#
..+....##...####'#......#....#
###...##.....##.g#......#....#
#....##.......##s#......#....#
+....#....#....#@#......#######
#....#...###...#.##...........#
#....#...# #...#..#...........#
.....#...# #...#..#...........#
.....#...# #...#..#...........#
.....#...# #...#..#...........#
.....#...# #...#..#...........#
######...# #...#..#############
#....#...# #...#....#...#


You could see a gnoll sergeant and a scorpion.

Vanquished Creatures
  An ogre (D:4)
  A howler monkey (D:4)
  An orc priest (D:3)
  A hound (D:4)
  A bullfrog skeleton (D:4)
  A worker ant (D:4)
  A hound zombie (D:5)
  11 adders
  A gnoll (D:4)
  2 oozes
  3 adder skeletons (D:4)
  An adder zombie (D:5)
  A dart slug (D:1)
  3 leopard geckos
  7 orcs (D:3)
  8 ball pythons
  5 giant cockroaches
  3 goblins
  7 hobgoblins
  19 jackals
  A quokka (D:5)
  8 bats
  4 frilled lizards
  5 kobolds
  A leopard gecko skeleton (D:4)
  A quokka skeleton (D:4)
  9 rats
107 creatures vanquished.

Vanquished Creatures (others)
  3 plants (D:3)
3 creatures vanquished.

Grand Total: 110 creatures vanquished

Notes
Turn   | Place    | Note
-------+----------+-------------------------------------------
     0 | D:5      | Descartes the Felid Delver began the quest for the Orb.
     0 | D:5      | Reached XP level 1. HP: 10/10 MP: 2/2
     8 | D:5      | Found a snail-covered altar of Cheibriados.
     8 | D:5      | Noticed an iron imp
    64 | D:5      | Noticed a worker ant
    69 | D:4      | Found an iron altar of Okawaru.
    70 | D:4      | Found the +12 Vampire's Tooth {vamp}
    79 | D:4      | Reached skill level 7 in Stealth
    79 | D:4      | Reached XP level 2. HP: 4/14 MP: 3/3
   271 | D:4      | Noticed a howler monkey
   436 | D:3      | Found a faded altar of an unknown god.
   561 | D:2      | Reached XP level 3. HP: 17/17 MP: 4/4
   567 | D:2      | Reached skill level 8 in Stealth
   597 | D:2      | Found a shimmering blue altar of Sif Muna.
   694 | D:2      | Found a shimmering altar of Xom.
   694 | D:2      | Found a shimmering altar of Xom.
   694 | D:2      | Found a shimmering altar of Xom.
   695 | D:2      | Found a shimmering altar of Xom.
  1176 | D:2      | Reached XP level 4. HP: 21/21 MP: 5/5
  1472 | D:1      | Reached skill level 9 in Stealth
  2148 | D:3      | Slain by an adder
  2149 | D:3      | Reached XP level 3. HP: 0/17 MP: 4/4
  2518 | D:3      | Reached XP level 4. HP: 21/21 MP: 5/5
  2975 | D:3      | Reached skill level 10 in Stealth
  3414 | D:3      | Reached XP level 5. HP: 13/24 MP: 6/6
  3946 | D:4      | Noticed an ogre
  3964 | D:4      | Killed an ogre
  4017 | D:4      | Gained mutation: You are covered in thick fur. (AC +2)
                  | [Felid growth]
  4017 | D:4      | Reached XP level 6. HP: 11/28 MP: 7/7
  4807 | D:4      | Gained mutation: You are clumsy. (Dex -2) [potion of
                  | mutation]
  4807 | D:4      | Gained mutation: You expend magic power (3 MP) to
                  | strengthen your wands. [potion of mutation]
  4810 | D:4      | Reached skill level 11 in Stealth
  5320 | D:4      | Noticed an orc warrior
  5819 | D:4      | HP: 1/28 [gnoll/+0 flail (9)]
  5825 | D:4      | Reached skill level 5 in Dodging
  6205 | D:4      | HP: 1/28 [gnoll sergeant/+3 spear of flaming (8)]
  6205 | D:4      | Slain by a gnoll sergeant

Illustrated notes

Levels and vault maps discovered:
D:1:      lightli_arrival_maybe_door_vault, layout_rooms,
          roderic_serpentine_path, minmay_cut_off
D:2:      layout_basic, marbit_many_paths, xom_redecorated
D:3:      layout_basic, chequers_ecumenical_altar_simple,
          minmay_shallow_snake_nest
D:4:      layout_gridville, okawaru_metal_pillars_3, minmay_parallelograms,
          nrook_uturn
D:5:      layout_rooms, slow_altar_1, basic_altar, serial_shops, shop,
          nicolae_tso_besieged_by_evil, uniq_crazy_yiuf_cottage

Skill      XL: |  1  2  3  4  5  6 |
---------------+-------------------+-----
Stealth        | 7 8 10 11 | 11.1
Dodging        | 4 5 |  5.0
Fighting       | |  3.0
Unarmed Combat | |  2.0

Action                   |  1- 3 |  4- 6 || total
-------------------------+-------+-------++-------
Melee: Unarmed           |    60 |   303 ||   363
       Bite              |     4 |    30 ||    34
       Punch             |       |     5 ||     5
Evoke: Wand              |     1 |       ||     1
  Use: Potion            |       |     7 ||     7
 Stab: Sleeping          |    14 |    24 ||    38
       Distracted        |       |     1 ||     1
Armor: Skin              |     3 |    15 ||    18
Dodge: Dodged            |    50 |   299 ||   349

Table legend: (Time is in decaauts)
 A = Elapsed time spent in this place.
 B = Non-inter-level travel time spent in this place.
 C = Inter-level travel time spent in this place.
 D = Time resting spent in this place.
 E = Time spent auto-exploring this place.
 F = Levels seen in this place.
 G = Mean time per level.
                   A        B        C        D        E       F      G
               +--------+--------+--------+--------+--------+-----+--------+
         Total |   5562 |   5310 |    252 |    181 |   4252 |   5 | 1112.4 |
       Dungeon |   5562 |   5310 |    252 |    181 |   4252 |   5 | 1112.4 |
               +--------+--------+--------+--------+--------+-----+--------+

Top non-repeatable levels by time:
     D:3: 2163 daAuts
     D:4: 1934 daAuts
     D:2: 752 daAuts
     D:1: 606 daAuts
     D:5: 105 daAuts
